 Dungeon Crawl Stone Soup version 0.27-a0-1036-g8e1b44f6bd (webtiles) character file.

Game seed: 245197317273939265

1 tardwrangler69 the Digger (level 1, 0/14 HPs)
             Began as a Draconian Earth Elementalist on Apr 18, 2021.
             Slain by a jackal (2 damage)
             ... on level 1 of the Dungeon.
             The game lasted 00:00:11 (63 turns).

tardwrangler69 the Digger (DrEE)                      Turns: 63, Time: 00:00:11

Health: 0/14       AC:  4    Str: 10    XL:     1   Next: 16%
Magic:  1/3        EV: 12    Int: 15    God:
Gold:   7          SH:  0    Dex: 11    Spells: 3/4 levels left

rFire    . . .     SeeInvis .   (no weapon)
rCold    . . .     Faith    .   (no shield)
rNeg     . . .     Spirit   .   (armour unavailable)
rPois    .         Reflect  .   (helmet restricted)
rElec    .         Harm     .   (no cloak)
rCorr    .         Rampage  .   (no gloves)
Will     .....                  (no boots)
Stlth    ++........             (no amulet)
HPRegen  0.04/turn              (no ring)
MPRegen  0.08/turn              (no ring)

@: no status effects
A: AC +4, unfitting armour, cold-blooded
a: no special abilities


You were on level 1 of the Dungeon.
You visited 1 branch of the dungeon, and saw 1 of its levels.

You collected 7 gold pieces.

Inventory:

Missiles
 b - 27 stones
Armour
 c - a +0 cloak
Scrolls
 a - a scroll of identify {unknown}


   Skills:
 - Level 1.7 Dodging
 - Level 1.7 Stealth
 + Level 2.0 Spellcasting
 - Level 1.0 Transmutations
 * Level 3.0 Earth Magic


You had 3 spell levels left.
You knew the following spells:

 Your Spells              Type           Power      Damage    Failure   Level
a - Sandblast             Erth           20%        2d7       6%          1

Your spell library contained the following spells:

 Spells                   Type           Power      Damage    Failure   Level
 Passwall                 Tmut/Erth      5%         N/A       14%         2
 Stone Arrow              Conj/Erth      12%        3d7       34%         3
 Petrify                  Tmut/Erth      7%         N/A       67%         4
 Lee's Rapid Deconstruct  Erth           5%         3d7*      87%         5


Dungeon Overview and Level Annotations

Branches:
Dungeon (1/15)

Altars:


Innate Abilities, Weirdness & Mutations

Your plain brown scales are hard. (AC +4)
You cannot fit into any form of body armour.
You are cold-blooded and may be slowed by cold attacks.


Message History

The jackal bites you but does no damage.
The jackal completely misses you.
A jackal comes into view.
You closely miss the jackal. The jackal barely misses you.
You closely miss the jackal. The jackal bites you.
You closely miss the jackal.
The jackal bites you but does no damage.
The jackal misses you.
The jackal barks!
You hit the jackal but do no damage. The jackal bites you.
You closely miss the jackal.
Your tail-slap misses the jackal.
The jackal closely misses you. The jackal misses you.
You closely miss the jackal.
The jackal bites you but does no damage.
The jackal misses you.
You miss the jackal. The jackal closely misses you. x2
You hit the jackal but do no damage. The jackal bites you. x2
The jackal misses you. The jackal bites you.
* * * LOW HITPOINT WARNING * * *
You are too injured to fight recklessly!
You are too injured to fight recklessly!
You are too injured to fight recklessly!
You are too injured to fight recklessly!
You are too injured to fight recklessly!
You are too injured to fight recklessly!
You are too injured to fight recklessly!
You are too injured to fight recklessly!
You are too injured to fight recklessly!
You are too injured to fight recklessly!
You are too injured to fight recklessly!
You are too injured to fight recklessly!
You are too injured to fight recklessly!
You are too injured to fight recklessly!
Casting: Sandblast (safe; 6% risk of failure)
Confirm with . or Enter, or press ? or * to list all spells.
You don't have enough magic to cast this spell.
The jackal bites you.
* * * LOW HITPOINT WARNING * * *
The jackal bites you.
You die...

#...##...'.############
#.<..#..##.##.........#
###.##..###.#........##..
..........#.#....###......
###.#####.#.......##.##..#
#............>#†.......#
#######.##......######.
#.###..hh## #......#@#
########.# #.. ####


You could see 2 jackals.

Vanquished Creatures
  A jackal (D:1)
1 creature vanquished.

Notes
Turn   | Place    | Note
-------+----------+-------------------------------------------
     0 | D:1      | tardwrangler69 the Draconian Earth Elementalist began the
                  | quest for the Orb.
     0 | D:1      | Reached XP level 1. HP: 14/14 MP: 3/3
    63 | D:1      | Slain by a jackal

Illustrated notes

Levels and vault maps discovered:
D:1:      dpeg_arrival_long_road, layout_loops_ring, minmay_gold_behind_fungi

Action                   || total
-------------------------++-------
Melee: Unarmed           ||     9
 Cast: Sandblast         ||     3
Armor: Skin              ||     4
Dodge: Dodged            ||    10

Table legend: (Time is in decaauts)
 A = Elapsed time spent in this place.
 B = Non-inter-level travel time spent in this place.
 C = Inter-level travel time spent in this place.
 D = Time resting spent in this place.
 E = Time spent auto-exploring this place.
 F = Levels seen in this place.
 G = Mean time per level.
                   A        B        C        D        E       F      G
               +--------+--------+--------+--------+--------+-----+--------+
         Total |     63 |     63 |      0 |      0 |     42 |   1 |   63.0 |
       Dungeon |     63 |     63 |      0 |      0 |     42 |   1 |   63.0 |
               +--------+--------+--------+--------+--------+-----+--------+

Top non-repeatable levels by time:
     D:1: 63 daAuts
